Map: [ESL] NeoHumanity

Players

Scarlett

  • Race: Zerg Zerg
  • Spawn Location: 5:00

Astrea - Winner!

  • Race: Protoss Protoss
  • Spawn Location: 11:00

Event: ESL SC2 Masters 2023 Summer (Regionals)

VOD

Have the link to the VOD?

Description

Time

  • Played on: May 20, 2023, 4:17 p.m.
  • Length: 16:09

All games in this series

Show
View Real Time Build Order
Export as new Build Order

Scarlett Zerg 

Build Orders: Hatch First, Lurkers 

Get SALT Encoding   

  12  0:00  Drone  
  13  0:09  Drone  
  13  0:14  Extractor  
  13  0:16  Extractor  
  13  0:17  Drone  
  15  0:22  Overlord  
  15  0:41  Drone x2  
  17  0:51  Hatchery  
  17  0:54  Drone  
  17  0:58  Drone  
  18  1:08  Extractor  
  17  1:12  Spawning Pool  
  17  1:15  Drone  
  17  1:18  Drone  
  18  1:27  Drone  
  19  1:37  Drone  
  20  1:47  Overlord  
  20  1:59  Hatchery  
  19  2:04  Queen  
  19  2:05  Zergling x2  
  19  2:07  Zergling x2  
  23  2:13  Metabolic Boost  
  23  2:18  Zergling x2  
  23  2:20  Zergling x2  
  25  2:26  Zergling x2  
  26  2:34  Zergling x4  
  28  2:41  Overlord  
  28  2:48  Queen  
  30  2:56  Overlord  
  29  2:59  Overlord  
  29  3:01  Zergling x2  
  30  3:05  Zergling x2  
  30  3:12  Queen  
  31  3:18  Zergling x2  
  34  3:20  Drone  
  34  3:23  Zergling x2  
  34  3:42  Drone x5  
  34  3:48  Drone  
  40  3:52  Drone  
  41  3:59  Drone  
  41  4:00  Drone x2  
  44  4:13  Hatchery  
  44  4:16  Drone x2  
  45  4:19  Drone  
  46  4:24  Drone  
  46  4:25  Drone  
  46  4:27  Drone x3  
  51  4:32  Spore Crawler  
  51  4:33  Drone  
  51  4:37  Overlord  
  51  4:38  Drone  
  52  4:46  Drone x3  
  52  4:49  Queen  
  57  4:57  Roach Warren, Drone  
  57  4:58  Drone  
  58  5:00  Extractor  
  58  5:01  Drone x2  
  58  5:03  Drone  
  60  5:09  Drone x4  
  60  5:13  Extractor  
  63  5:15  Overlord, Drone  
  64  5:26  Drone x6  
  70  5:30  Lair  
  70  5:39  Drone x5  
  75  5:44  Overlord  
  75  5:47  Overlord  
  75  5:50  Overlord  
  75  5:51  Queen  
  75  5:55  Spore Crawler  
  76  6:01  Roach x3  
  76  6:02  Overlord x2  
  82  6:07  Drone x5  
  82  6:10  Drone x3, Extractor  
  90  6:13  Extractor  
  89  6:18  Hatchery  
  89  6:21  Drone x3  
  89  6:23  Extractor  
  90  6:26  Evolution Chamber  
  90  6:29  Drone x2  
  91  6:33  Drone x3  
  91  6:36  Roach x4  
  91  6:37  Glial Reconstitution  
  102  6:41  Overseer  
  102  6:49  Overlord x2  
  102  6:52  Drone x3  
  105  6:55  Roach x3  
  105  6:57  Zerg Missile Weapons Level 1  
  105  6:59  Roach x2  
  105  7:00  Unknown  
  113  7:08  Infestation Pit  
  113  7:10  Roach x6  
  124  7:17  Overlord x3  
  124  7:24  Ravager x7  
  131  7:33  Roach x6  
  143  7:41  Roach x6  
  148  7:49  Zergling x8  
  146  7:54  Ravager  
  147  7:59  Zergling x12  
  147  8:03  Hive  
  153  8:06  Roach x3  
  153  8:07  Hydralisk Den  
  158  8:16  Overseer  
  154  8:20  Drone x5  
  157  8:28  Zergling x2  
  157  8:29  Overlord x5, Zergling x2  
  159  8:38  Hatchery  
  158  8:49  Roach x12  
  158  8:51  Lurker Den  
  158  8:53  Lair  
  177  9:04  Drone, Muscular Augments  
  177  9:05  Drone x2, Zerg Missile Weapons Level 2  
  180  9:14  Drone  
  180  9:15  Drone x3  
  181  9:49  Hydralisk x11, Seismic Spines  
  181  9:50  Spore Crawler  
  191  10:02  Spine Crawler  
  191  10:03  Spine Crawler x2  
  191  10:04  Viper x3  
  195  10:17  Lurker x4  
  195  10:29  Lurker x3  
  195  10:31  Lurker  
  192  11:08  Adaptive Talons, Grooved Spines  
  192  11:09  Drone x8  
  195  11:25  Spore Crawler  
  195  11:26  Spore Crawler  
  190  11:36  Lurker x2  
  190  11:37  Zergling x16  
  190  11:39  Zerg Missile Weapons Level 3  
  200  11:40  Evolution Chamber, Adrenal Glands  
  193  11:47  Hydralisk  
  193  11:48  Zergling x22  
  166  12:03  Roach x14  
  142  12:31  Hydralisk x12  
  142  12:32  Zergling x2  
  142  12:42  Hydralisk x7  
  139  12:55  Hydralisk x6  
  145  13:02  Hydralisk x4  
  151  13:11  Viper  
  151  13:12  Viper x2  
  155  13:16  Zerg Melee Weapons Level 1  
  155  13:19  Lurker x5  
  159  13:20  Drone x10  
  131  13:50  Lurker x7  
  138  13:58  Drone x12  
  148  14:04  Extractor, Drone x2  
  148  14:05  Drone x4, Extractor  
  148  14:06  Spore Crawler  
  148  14:08  Spine Crawler  
  148  14:09  Drone x4, Spine Crawler  
  153  14:12  Spine Crawler x2  
  153  14:16  Spire  
  150  14:21  Hydralisk x9  
  158  14:31  Zergling x6  
  158  14:33  Queen x3  
  151  14:49  Hydralisk x4  
  151  14:50  Overseer  
  151  14:52  Drone x5  
  158  14:57  Hatchery  
  158  14:58  Hydralisk x3  
  158  14:59  Hydralisk x4  
  148  15:05  Hydralisk x4  
  148  15:10  Hydralisk x2  
  137  15:16  Hydralisk x4  
  142  15:24  Lurker x4  
  142  15:27  Hydralisk x2  
  142  15:28  Zergling x2  
  136  15:36  Lurker  
  131  15:44  Hydralisk x6  
  140  15:59  Hatchery  
Show
View Real Time Build Order
Export as new Build Order

Astrea Protoss - Winner!

Build Orders:  

Get SALT Encoding   

  12  0:00  Probe  
  13  0:12  Probe  
  14  0:18  Pylon  
  14  0:24  Probe  
  15  0:36  Probe  
  15  0:39  Gateway  
  16  0:48  Probe  
  17  0:55  Gateway  
  17  1:00  Probe  
  17  1:04  Assimilator  
  18  1:13  Probe  
  18  1:14  Pylon  
  19  1:25  Probe  
  20  1:27  Zealot (Chrono Boost)  
  22  1:32  Cybernetics Core  
  22  1:39  Probe  
  25  1:49  Zealot (Chrono Boost)  
  25  1:52  Zealot (Chrono Boost)  
  27  1:54  Pylon  
  27  2:02  Pylon  
  27  2:08  Adept (Chrono Boost)  
  27  2:12  Adept (Chrono Boost)  
  31  2:17  Warp Gate  
  31  2:25  Probe  
  32  2:32  Adept  
  33  2:38  Adept  
  35  2:59  Nexus  
  35  3:07  Adept  
  35  3:09  Probe  
  38  3:15  Assimilator  
  38  3:24  Probe  
  39  3:36  Probe  
  38  3:48  Probe  
  39  3:52  Pylon  
  39  4:05  Twilight Council, Forge  
  39  4:13  Probe (Chrono Boost)  
  39  4:14  Probe (Chrono Boost)  
  39  4:16  Sentry  
  43  4:24  Probe (Chrono Boost)  
  44  4:26  Probe (Chrono Boost), Phoenix  
  44  4:30  Probe (Chrono Boost)  
  46  4:33  Probe (Chrono Boost)  
  46  4:36  Nexus  
  46  4:37  Probe  
  48  4:41  Pylon  
  48  4:44  Protoss Ground Weapons Level 1  
  48  4:46  Probe  
  48  4:49  Probe  
  50  4:56  Blink  
  50  4:58  Probe  
  51  5:01  Shield Battery  
  51  5:03  Probe  
  52  5:10  Probe (Chrono Boost)  
  53  5:20  Probe (Chrono Boost)  
  55  5:22  Robotics Facility, Probe (Chrono Boost)  
  56  5:29  Probe (Chrono Boost)  
  56  5:31  Probe (Chrono Boost), Pylon  
  56  5:34  Assimilator  
  58  5:36  Probe (Chrono Boost)  
  58  5:39  Probe (Chrono Boost)  
  59  5:44  Probe (Chrono Boost)  
  59  5:48  Gateway  
  59  5:49  Probe (Chrono Boost)  
  62  5:54  Probe (Chrono Boost), Gateway  
  62  5:55  Gateway  
  63  5:58  Probe x2 (Chrono Boost)  
  63  6:02  Probe (Chrono Boost)  
  63  6:03  Probe (Chrono Boost), Stalker, Phoenix  
  67  6:06  Probe  
  67  6:09  Observer  
  70  6:13  Gateway, Probe (Chrono Boost)  
  70  6:15  Gateway, Probe (Chrono Boost)  
  70  6:16  Sentry  
  75  6:22  Probe (Chrono Boost)  
  75  6:24  Gateway  
  75  6:25  Probe (Chrono Boost)  
  77  6:26  Sentry  
  77  6:27  Probe (Chrono Boost)  
  77  6:31  Gateway  
  80  6:33  Probe (Chrono Boost), Pylon  
  80  6:34  Pylon  
  80  6:40  Stalker  
  80  6:42  Shield Battery x2  
  82  6:50  Stalker  
  82  6:53  Pylon  
  84  6:55  Stalker x3  
  84  6:56  Observer  
  84  7:00  Warp Prism (Chrono Boost)  
  90  7:05  Stalker  
  94  7:12  Stalker x2  
  94  7:14  Stalker  
  100  7:19  Stalker  
  100  7:20  Pylon, Stalker  
  104  7:27  Stalker x2  
  108  7:33  Pylon  
  108  7:34  Pylon  
  100  7:46  Stalker x4  
  94  7:56  Probe  
  95  8:02  Stalker x2  
  95  8:03  Zealot x3  
  95  8:04  Probe x2  
  107  8:06  Assimilator  
  107  8:09  Probe  
  107  8:11  Protoss Ground Weapons Level 2 (Chrono Boost)  
  108  8:22  Nexus  
  108  8:23  Probe  
  108  8:25  Pylon  
  109  8:31  Probe  
  110  8:37  Probe  
  110  8:39  Zealot x6  
  110  8:40  Zealot  
  125  8:42  Robotics Bay  
  125  8:44  Zealot x2  
  125  8:45  Probe  
  130  8:53  Probe x2  
  116  9:04  Probe  
  116  9:05  Probe  
  116  9:07  Stalker x5  
  116  9:09  Pylon  
  128  9:14  Photon Cannon  
  128  9:15  Shield Battery  
  128  9:20  Charge (Chrono Boost)  
  128  9:22  Probe  
  129  9:26  Disruptor (Chrono Boost)  
  129  9:28  Probe x2  
  134  9:34  Probe  
  135  9:40  Probe, Zealot  
  135  9:41  Zealot x8  
  135  9:42  Probe  
  155  9:47  Probe  
  155  9:50  Probe  
  155  9:51  Disruptor (Chrono Boost)  
  157  9:55  Probe x2  
  157  9:57  Photon Cannon  
  157  9:59  Robotics Facility  
  162  10:04  Zealot  
  164  10:10  Pylon  
  164  10:11  Pylon  
  164  10:13  Protoss Ground Weapons Level 3 (Chrono Boost)  
  164  10:26  Pylon x2  
  164  10:28  Disruptor  
  167  10:37  Assimilator  
  167  10:38  Nexus, Assimilator  
  167  10:40  Probe, Pylon  
  168  10:46  Zealot x6  
  168  10:47  Zealot x3  
  186  10:50  Gateway  
  186  10:52  Gateway  
  186  10:53  Disruptor (Chrono Boost)  
  175  11:08  Gravitic Boosters  
  175  11:09  Assimilator  
  175  11:11  Disruptor (Chrono Boost)  
  178  11:12  Zealot x8  
  178  11:18  Photon Cannon x2  
  188  11:21  Pylon, Observer (Chrono Boost)  
  188  11:24  Templar Archives  
  175  11:36  Zealot  
  175  11:37  Zealot x7  
  180  11:46  Disruptor (Chrono Boost)  
  172  11:48  Zealot x3  
  172  11:50  Disruptor (Chrono Boost)  
  162  12:03  Zealot x8  
  177  12:14  Zealot x3  
  177  12:15  Disruptor  
  184  12:28  Zealot x7  
  192  12:33  Disruptor  
  175  12:44  Probe x5, Cybernetics Core  
  177  12:56  Probe  
  177  12:58  Disruptor (Chrono Boost)  
  178  13:02  Probe x3  
  178  13:03  Probe  
  171  13:06  Disruptor (Chrono Boost)  
  171  13:07  Photon Cannon  
  171  13:10  Photon Cannon  
  172  13:17  Observer  
  166  13:23  Zealot x9  
  166  13:26  Protoss Shields Level 1 (Chrono Boost)  
  183  13:28  Observer  
  183  13:30  Probe x4  
  183  13:34  Templar Archives  
  188  13:35  Observer  
  189  13:41  Probe  
  189  13:48  Probe  
  182  13:54  Probe x2  
  182  14:03  High Templar  
  182  14:04  High Templar x5  
  182  14:05  Zealot, High Templar x2  
  200  14:10  Archon x3  
  200  14:11  Archon, Gateway  
  200  14:12  Gateway x2  
  200  14:15  Gateway  
  200  14:16  Nexus  
  200  14:17  Pylon  
  200  14:19  Assimilator  
  200  14:20  Pylon, Assimilator  
  183  14:41  Zealot x2  
  183  14:42  Zealot x7, Disruptor (Chrono Boost)  
  183  14:44  Photon Cannon  
  197  14:48  Disruptor (Chrono Boost), Photon Cannon  
  150  15:14  Disruptor (Chrono Boost)  
  150  15:16  Stalker x13  
  150  15:19  Photon Cannon  
  169  15:22  Disruptor  
  164  15:43  Shield Battery  
  164  15:44  Pylon  
  153  15:54  Zealot x10  
Tags
 
Add a new tag
Caveats
  • Supply blocks, unpowered buildings, or Contaminate may cause inaccurate times.
  • Supply counts are checked every 10 seconds.